 Dungeon Crawl Stone Soup version 0.23.2-40-g277498a001 (webtiles) character file.

Game seed: 13422485696998437944

17921 DildoBatman the Lord of Darkness (level 12, -7/82 HPs)
             Began as a Formicid Wizard on Sept 25, 2019.
             Was the Champion of Kikubaaqudgha.
             Mangled by a sixfirhy (11 damage)
             ... summoned by an orc sorcerer
             ... on level 2 of the Orcish Mines.
             The game lasted 01:05:47 (12944 turns).

DildoBatman the Lord of Darkness (Formicid Wizard) Turns: 12944, Time: 01:05:48

Health: -7/82      AC: 13    Str: 12    XL:     12   Next: 88%
Magic:  8/38       EV: 17    Int: 23    God:    Kikubaaqudgha [******]
Gold:   1603       SH:  4    Dex:  9    Spells: 4/26 levels left

rFire    . . .     SeeInvis +   a - staff of power
rCold    . . .     Gourm    .   l - +0 buckler
rNeg     . . .     Faith    .   o - +4 troll leather armour
rPois    .         Spirit   .   (helmet unavailable)
rElec    .         Reflect  .   y - +2 cloak {+Inv}
rCorr    .         Harm     .   u - +0 pair of gloves
MR       ++...                  (no boots)
Stlth    ++........             m - amulet of magic regeneration
HPRegen  1.63/turn              Z - +5 ring of evasion
MPRegen  0.51/turn              Y - ring of protection from magic

@: regenerating, drained
A: permanent stasis, dig shafts and tunnels, four strong arms, antennae 3,
hooves 1, shaggy fur 1, MP-powered wands
a: Dig, Shaft Self, Receive Corpses, Torment, Brand Weapon With Pain, Receive
Necronomicon, Renounce Religion, Evoke Invisibility


You were on level 2 of the Orcish Mines.
You worshipped Kikubaaqudgha.
Kikubaaqudgha was exalted by your worship.
You were very hungry.

You visited 3 branches of the dungeon, and saw 14 of its levels.
You also visited: Gauntlet.

You collected 1603 gold pieces.

Inventory:

Hand Weapons
 b - a +5 spear of piercing
 c - a +3 hunting sling
Missiles
 n - 161 bolts
 r - 16 silver javelins (quivered)
 w - 97 sling bullets
 P - 325 arrows
 T - a throwing net
Armour
 l - a +0 buckler (worn)
 o - a +4 troll leather armour (worn)
 u - a +0 pair of gloves (worn)
 y - a +2 cloak of invisibility (worn)
Magical Staves
 a - an uncursed staff of power (weapon)
Jewellery
 e - the ring "Faynetuts" {Dex+3 SInv}
   (You found it in a Gauntlet)

   [ring of see invisible]

   It affects your dexterity (+3).
   It lets you see invisible.
 g - an uncursed ring of protection from fire
 i - an uncursed ring of positive energy
 m - an amulet of magic regeneration (around neck)
 G - an uncursed ring of resist corrosion
 O - an uncursed ring of poison resistance
 Y - a ring of protection from magic (right hand)
 Z - a +5 ring of evasion (left hand)
Wands
 V - a wand of scattershot (5)
 W - a wand of flame (21)
Scrolls
 p - 2 scrolls of enchant weapon {unknown}
 x - a scroll of remove curse
 z - a scroll of identify
 C - 3 scrolls of magic mapping
 D - a scroll of enchant armour
 M - a scroll of random uselessness {unknown}
 N - 5 scrolls of immolation
 Q - 5 scrolls of amnesia
Potions
 d - 4 potions of curing
 h - 3 potions of berserk rage {unknown}
 j - 4 potions of brilliance {unknown}
 k - a potion of agility {unknown}
 q - a potion of magic {unknown}
 s - 5 potions of ambrosia
 t - 3 potions of flight
 E - 3 potions of cancellation {unknown}
 F - 4 potions of lignification
 H - a potion of might {unknown}
 J - a potion of experience {unknown}
 L - a potion of invisibility {unknown}
 U - 2 potions of heal wounds {unknown}
Comestibles
 v - 24 rations
 K - 10 chunks of flesh


   Skills:
 * Level 3.6(3.0) Fighting
 * Level 3.4(2.8) Polearms
 * Level 3.6(3.0) Armour
 * Level 3.5(2.9) Dodging
 * Level 5.1(4.5) Stealth
 * Level 5.2(4.6) Shields
 * Level 7.9(7.3) Spellcasting
 - Level 8.0(7.3) Conjurations
 - Level 4.3(3.7) Charms
   Level 1.0(0.4) Summonings
 - Level 9.3(8.6) Necromancy
   Level 0.8(0.3) Translocations
 - Level 5.0(4.4) Fire Magic
 - Level 5.0(4.4) Air Magic
 - Level 6.1(5.5) Poison Magic
 * Level 3.4(2.9) Evocations


You had 4 spell levels left.
You knew the following spells:

 Your Spells              Type           Power        Failure   Level  Hunger
a - Conjure Flame         Conj/Fire      #####...     2%          3    None
b - Bolt of Draining      Conj/Necr      #####.....   10%         5    #####..
c - Magic Dart            Conj           ####         1%          1    None
d - Regeneration          Chrm/Necr      #####.....   2%          3    None
e - Mephitic Cloud        Conj/Pois/Air  ####....     2%          3    None
h - Dispel Undead         Necr           #####...     8%          5    #####..
z - Sublimation of Blood  Necr           #####.....   1%          2    None

Your spell library contained the following spells:

 Spells                   Type           Power        Failure   Level  Hunger
 Animate Skeleton         Necr           N/A          1%          1    None
 Pain                     Necr           ####         1%          1    None
 Shock                    Conj/Air       ####         1%          1    None
 Swiftness                Chrm/Air       ####....     2%          2    None
 Static Discharge         Conj/Air       #####...     2%          3    None
 Animate Dead             Necr           N/A          2%          4    ###....
 Summon Butterflies       Summ           ##......     8%          1    None
 Call Imp                 Summ           ##......     12%         2    None
 Slow                     Hex            #.......     14%         2    None
 Airstrike                Air            ####......   16%         4    ###....
 Call Canine Familiar     Summ           ##......     24%         3    None
 Summon Ice Beast         Ice/Summ       #.......     65%         4    ###....
 Excruciating Wounds      Chrm/Necr      #####.....   21%         5    #####..
 Lightning Bolt           Conj/Air       #####.....   24%         5    #####..
 Summon Mana Viper        Hex/Summ       #.......     94%         5    #####..
 Simulacrum               Ice/Necr       ####......   94%         6    ######.
 Summon Hydra             Summ           ##........   100%        7    #######
 Blink                    Tloc           Unusable     N/A         2    N/A

Dungeon Overview and Level Annotations

Branches:
Dungeon (11/15)            Temple (1/1) D:4            Lair (0/6) D:8
    Orc (2/2) D:11            Elf (0/3) Orc:2

Altars:
Ashenzari
Cheibriados
Dithmenos
Elyvilon
Fedhas
Gozag
Hepliaklqana
Kikubaaqudgha
Makhleb
Nemelex Xobeh
Okawaru
Qazlal
Ru
Sif Muna
Trog
Uskayaw
Vehumet
Wu Jian
Xom
Yredelemnul
Zin
The Shining One
Beogh

Annotations:
D:10 1 runed translucent door, exclusion: angel


Innate Abilities, Weirdness & Mutations

You cannot be hasted, slowed, berserked, paralysed or teleported.
You can dig through walls and to a lower floor.
Your four strong arms can wield two-handed weapons with a shield.
You have a pair of large antennae on your head. (SInv)
You have large cloven feet.
You are covered in fur. (AC +1)
You expend magic power (3 MP) to strengthen your wands.


Message History

The sixfirhy completely resists.
The bolt of negative energy misses the orc sorcerer.
You are feeling very hungry.
The sixfirhy hits you! The sixfirhy shocks you!
The sixfirhy hits you but does no damage.
The sixfirhy closely misses you. The sixfirhy barely misses you.
Casting: Bolt of Draining (slightly dangerous; 10% risk of failure)
Confirm with . or Enter, or press ? or * to list all spells.
Aiming: Bolt of Draining (slightly dangerous; 10% risk of failure)
Press: ? - help, Shift-Dir - straight line, f/p - orc sorcerer
Aim: an orc sorcerer, wielding a +2 dagger of protection and wearing a +0 robe (almost dead, lightly drained)
The bolt of negative energy misses the orc sorcerer.
The sixfirhy hits you. The sixfirhy shocks you!
You block the sixfirhy's attack. The sixfirhy hits you!
You die...
Kikubaaqudgha rasps: "You have failed me!
Welcome... death!"

#...######## *≈≈#*,,≈≈≈,,,≈≈≈,,
....##.....### *≈≈#8{*****,,≈****
.............##*§≈##,,≈≈≈,,,≈****
..............##§≈≈#,,,,,,,.≈*≈≈≈
........##..##§§##≈###,,,,..≈*,,,
.#......##..##.§##§≈§####...≈*8,,
...............§§§§§≈≈≈≈....≈*,,,
...............§.§.§........≈*,,,
................@3.......8..≈*8,,
.................o[...§§....≈*,,,
................§≈≈≈§≈§≈.o..≈*,,,
........##..##.≈##≈≈≈####...≈*8,,
........##..##.≈##≈###,,,,,.≈*,,,
..#...........##≈≈≈#,,,,,{,,≈*≈≈≈
.#.#.........##*≈≈##,,≈≈≈,,,≈****
....##.....### #§≈#∩{*****{,≈****
...######### #§§#*,,≈≈≈,,,≈≈≈,,


You could see a sixfirhy and an orc sorcerer.

Vanquished Creatures
  A minotaur (Gauntlet)
  Harold (D:7)
  4 two-headed ogres
  An orc high priest (Orc:1)
  A hell hog (Gauntlet)
  Nergalle (Orc:1)
  3 orc knights
  An oklob plant (Gauntlet)
  2 orc sorcerers (Orc:2)
  2 ugly things (D:11)
  3 trolls
  Prince Ribbit (D:7)
  2 hippogriffs
  A centaur simulacrum (Gauntlet)
  A yak (D:8)
  2 fire bats (Gauntlet)
  2 basilisks (D:8)
  Grum (D:8)
  A steam dragon (D:8)
  2 wargs (Orc:2)
  An acid dragon (Gauntlet)
  Duvessa (D:7)
  A hell hound (Gauntlet)
  16 orc warriors
  2 black bears
  3 ice beasts
  2 sky beasts
  2 necrophages
  3 wolves (D:8)
  4 centaurs
  2 phantoms
  4 ogres
  A big kobold (D:9)
  5 bullfrogs
  Dowan (D:7)
  A spiny frog simulacrum (Gauntlet)
  7 killer bees
  3 howler monkeys (D:8)
  3 wights (D:6)
  4 centaur zombies
  7 crimson imps
  A bullfrog zombie (D:8)
  18 orc priests
  A wyvern simulacrum (Gauntlet)
  3 hounds
  A jelly (D:11)
  12 orc wizards
  2 bullfrog skeletons (D:8)
  3 iguanas
  A water moccasin simulacrum (Gauntlet)
  Crazy Yiuf (D:3)
  3 centaur skeletons
  Natasha (thrice) (D:1)
  6 worker ants
  2 hound zombies
  A howler monkey zombie (D:6)
  Robin (D:3)
  7 gnolls (D:5)
  9 adders
  5 shadow imps
  An ooze (D:1)
  An adder zombie (D:8)
  4 adder skeletons
  2 worms
  2 dart slugs (D:1)
  5 leopard geckos
  79 orcs
  5 giant cockroaches
  21 goblins
  5 hobgoblins
  12 jackals
  11 kobolds
  13 quokkas
  2 ball pythons
  8 bats
  4 frilled lizards
  A jackal zombie (D:5)
  A leopard gecko skeleton (D:4)
  A quokka zombie (D:5)
  6 rats
370 creatures vanquished.

Vanquished Creatures (others)
  An orc (D:8)
  3 fungi
  13 plants
17 creatures vanquished.

Grand Total: 387 creatures vanquished

Notes
Turn   | Place    | Note
-------+----------+-------------------------------------------
     0 | D:1      | DildoBatman the Formicid Wizard began the quest for the
                  | Orb.
     0 | D:1      | Reached XP level 1. HP: 13/13 MP: 4/4
    18 | D:1      | Reached skill level 1 in Conjurations
   271 | D:1      | Reached XP level 2. HP: 13/19 MP: 1/6
   793 | D:1      | Reached XP level 3. HP: 24/24 MP: 4/7
   798 | D:1      | Learned a level 3 spell: Conjure Flame
   802 | D:1      | Learned a level 3 spell: Mephitic Cloud
  1380 | D:2      | Found a white marble altar of Elyvilon.
  1547 | D:2      | Noticed Natasha
  1903 | D:2      | Reached XP level 4. HP: 30/30 MP: 5/8
  2327 | D:3      | Noticed a centaur
  2768 | D:3      | Found a runed translucent door.
  2769 | D:3      | Noticed Crazy Yiuf
  3125 | D:3      | Reached XP level 5. HP: 28/35 MP: 0/9
  3480 | D:4      | Found a staircase to the Ecumenical Temple.
  3489 | Temple   | Entered the Ecumenical Temple
  3623 | Temple   | Became a worshipper of Kikubaaqudgha
  3669 | D:4      | Identified the cursed +0 chain mail "Lievian" {rElec}
  3739 | D:3      | Noticed Robin
  3806 | D:3      | Killed Robin
  4018 | D:3      | Gained mutation: Armour fits poorly on your strangely
                  | shaped body. [potion of mutation]
  4018 | D:3      | Gained mutation: You passively map a small area around you.
                  | [potion of mutation]
  4018 | D:3      | Gained mutation: You possess an exceptional clarity of
                  | mind. [potion of mutation]
  4018 | D:3      | Gained mutation: You expend magic power (3 MP) to
                  | strengthen your wands. [potion of mutation]
  4019 | D:3      | Lost mutation: Armour fits poorly on your strangely shaped
                  | body. [potion of mutation]
  4019 | D:3      | Lost mutation: You possess an exceptional clarity of mind.
                  | [potion of mutation]
  4019 | D:3      | Lost mutation: You passively map a small area around you.
                  | [potion of mutation]
  4019 | D:3      | Gained mutation: You have large cloven feet. [potion of
                  | mutation]
  4019 | D:3      | Gained mutation: You are covered in fur. (AC +1) [potion of
                  | mutation]
  4135 | D:1      | Reached XP level 6. HP: 38/41 MP: 11/11
  4209 | D:1      | Killed Natasha
  4209 | D:1      | Reached skill level 1 in Poison Magic
  4257 | D:1      | Noticed Natasha
  4262 | D:1      | Killed Natasha
  4262 | D:1      | Reached skill level 1 in Fire Magic
  4271 | D:1      | Noticed Natasha
  4277 | D:1      | Killed Natasha
  4362 | D:4      | Reached * piety under Kikubaaqudgha
  4362 | D:4      | Identified Kikubaaqudgha's Volume of Darkness
                  | (Kikubaaqudgha gifted it to you on level 4 of the Dungeon)
  4362 | D:4      | Received a gift from Kikubaaqudgha
  4368 | D:4      | Learned a level 3 spell: Regeneration
  4371 | D:4      | Learned a level 2 spell: Sublimation of Blood
  4413 | D:4      | Reached skill level 1 in Air Magic
  4742 | D:4      | Found a burning altar of Makhleb.
  4786 | D:4      | Noticed a phantom
  4828 | D:4      | Killed a phantom
  4828 | D:4      | Reached XP level 7. HP: 44/46 MP: 12/12
  5091 | D:3      | Killed Crazy Yiuf
  5091 | D:3      | Reached skill level 1 in Shields
  5091 | D:3      | Reached skill level 1 in Necromancy
  5169 | D:5      | Entered Level 5 of the Dungeon
  5201 | D:5      | Reached skill level 1 in Charms
  5376 | D:5      | Reached skill level 5 in Conjurations
  5617 | D:5      | Found a snail-covered altar of Cheibriados.
  5635 | D:5      | Reached XP level 8. HP: 41/52 MP: 14/14
  5840 | D:6      | Reached skill level 2 in Necromancy
  6063 | D:6      | Reached ** piety under Kikubaaqudgha
  6164 | D:6      | Reached skill level 1 in Polearms
  6561 | D:6      | Reached XP level 9. HP: 37/57 MP: 7/15
  6613 | D:6      | Reached skill level 3 in Necromancy
  7185 | D:7      | Found a glowing silver altar of Zin.
  7425 | D:7      | Found a shadowy altar of Dithmenos.
  7809 | D:7      | Noticed Duvessa
  7830 | D:7      | Killed Duvessa
  7830 | D:7      | Reached skill level 5 in Poison Magic
  7844 | D:7      | Noticed Dowan
  7853 | D:7      | Killed Dowan
  7873 | D:7      | Noticed Prince Ribbit
  7885 | D:7      | Killed Prince Ribbit
  7923 | D:7      | Noticed Harold
  7942 | D:7      | Killed Harold
  7942 | D:7      | Reached skill level 4 in Necromancy
  7942 | D:7      | Reached XP level 10. HP: 56/63 MP: 5/16
  8212 | D:8      | Reached skill level 5 in Fire Magic
  8239 | D:8      | Noticed a two-headed ogre
  8243 | D:8      | Noticed Grum
  8261 | D:8      | Reached *** piety under Kikubaaqudgha
  8261 | D:8      | Identified Kikubaaqudgha's Disquisition on Evil Rituals
                  | (Kikubaaqudgha gifted it to you on level 8 of the Dungeon)
  8261 | D:8      | Received a gift from Kikubaaqudgha
  8264 | D:8      | Reached skill level 5 in Necromancy
  8273 | D:8      | Killed a two-headed ogre
  8281 | D:8      | Reached skill level 5 in Air Magic
  8281 | D:8      | Killed Grum
  8281 | D:8      | Reached skill level 6 in Necromancy
  8363 | D:8      | Reached skill level 5 in Spellcasting
  8855 | D:8      | Found a staircase to the Lair.
  9427 | D:9      | Reached XP level 11. HP: 68/68 MP: 21/21
  9518 | D:9      | Noticed a two-headed ogre
  9551 | D:9      | Killed a two-headed ogre
 10087 | D:10     | Entered Level 10 of the Dungeon
 10158 | D:10     | Reached skill level 7 in Necromancy
 10170 | D:10     | Reached **** piety under Kikubaaqudgha
 10220 | D:10     | Noticed a two-headed ogre
 10237 | D:10     | Killed a two-headed ogre
 10508 | D:10     | Found a white marble altar of Elyvilon.
 10508 | D:10     | Found a runed translucent door.
 10508 | D:10     | Noticed an angel
 10663 | D:10     | Reached skill level 8 in Necromancy
 10670 | D:10     | Learned a level 5 spell: Dispel Undead
 10676 | D:10     | Learned a level 5 spell: Bolt of Draining
 10961 | D:11     | Noticed a purple ugly thing
 10979 | D:11     | Killed a purple ugly thing
 11003 | D:11     | Noticed a white ugly thing
 11011 | D:11     | Killed a white ugly thing
 11085 | D:11     | Reached ***** piety under Kikubaaqudgha
 11087 | D:11     | Found a staircase to the Orcish Mines.
 11248 | Orc:1    | Entered Level 1 of the Orcish Mines
 11248 | Orc:1    | Noticed Nergalle
 11252 | Orc:1    | Noticed an orc knight
 11259 | Orc:1    | Killed Nergalle
 11259 | Orc:1    | Reached skill level 9 in Necromancy
 11291 | Orc:1    | Killed an orc knight
 11302 | Orc:1    | Reached skill level 1 in Armour
 11304 | Orc:1    | Reached skill level 1 in Fighting
 11304 | Orc:1    | Reached skill level 1 in Evocations
 11437 | Orc:1    | Noticed an orc high priest
 11463 | Orc:1    | Reached XP level 12. HP: 64/76 MP: 22/22
 11465 | Orc:1    | Killed an orc high priest
 11767 | Orc:2    | Entered Level 2 of the Orcish Mines
 11767 | Orc:2    | Noticed a two-headed ogre
 11801 | Orc:2    | Found a staircase to the Elven Halls.
 11927 | Orc:2    | Found a gate leading to a gauntlet.
 11939 | Gauntlet | Entered a Gauntlet
 11939 | Gauntlet | Found a transporter.
 11939 | Gauntlet | Found a runed translucent door.
 11939 | Gauntlet | Found a transporter.
 11939 | Gauntlet | Found a transporter.
 11939 | Gauntlet | Found a runed translucent door.
 11940 | Gauntlet | Found a transporter.
 11941 | Gauntlet | Found a transporter.
 11944 | Gauntlet | Found a transporter.
 11950 | Gauntlet | Found a runed translucent gate.
 11952 | Gauntlet | Found a transporter.
 11953 | Gauntlet | Found a runed translucent gate.
 11953 | Gauntlet | Found a transporter.
 11954 | Gauntlet | Found a runed translucent gate.
 11954 | Gauntlet | Found a transporter.
 11955 | Gauntlet | Found a transporter.
 11965 | Gauntlet | Noticed a sea snake
 11966 | Gauntlet | Found a transporter.
 11966 | Gauntlet | Found a transporter.
 11969 | Gauntlet | a sea snake changed into a redback
 11973 | Gauntlet | Noticed a fire crab
 11974 | Gauntlet | Noticed a hell hog
 11984 | Gauntlet | a fire crab changed into a wind drake
 12284 | Gauntlet | Got a twitching bone ring
 12293 | Gauntlet | Identified the ring "Faynetuts" {Dex+3 SInv} (You found it
                  | in a Gauntlet)
 12307 | Gauntlet | Noticed an anaconda
 12336 | Gauntlet | Killed a hell hog
 12439 | Gauntlet | Noticed a minotaur
 12444 | Gauntlet | Killed a minotaur
 12468 | Gauntlet | Got a dull robe
 12523 | Orc:2    | Identified the cursed +0 robe of Cisuhil {MR- rCorr Int+5}
                  | (You found it in a Gauntlet)
 12672 | Orc:2    | Killed a two-headed ogre
 12672 | Orc:2    | Reached skill level 5 in Shields
 12765 | Orc:2    | Found a roughly hewn altar of Beogh.
 12823 | Orc:2    | Reached skill level 5 in Stealth
 12939 | Orc:2    | Noticed a sixfirhy
 12939 | Orc:2    | Reached ****** piety under Kikubaaqudgha
 12944 | Orc:2    | HP: 4/82 [sixfirhy[an orc sorcerer] (11)]
 12944 | Orc:2    | Mangled by a sixfirhy

Skill      XL: |  1  2  3  4  5  6  7  8  9 10 11 12 |
---------------+-------------------------------------+-----
Conjurations   | 1 2 3 4 5 6 8 |  8.0
Poison Magic   | 2 4 6 |  6.1
Fire Magic     | 1 2 3 4 5 |  5.0
Air Magic      | 1 2 3 5 |  5.0
Shields        | 2 3 5 |  5.2
Necromancy     | 1 2 4 6 9 |  9.3
Charms         | 1 2 4 |  4.3
Spellcasting   | 4 7 |  7.9
Polearms       | 1 3 |  3.4
Dodging        | 2 3 |  3.5
Armour         | 1 3 |  3.6
Fighting       | 1 3 |  3.6
Evocations     | 1 3 |  3.4
Stealth        | 5 |  5.1
Summonings     | |  1.0
Translocations | |  0.8

Action                   |  1- 3 |  4- 6 |  7- 9 | 10-12 || total
-------------------------+-------+-------+-------+-------++-------
Melee: Unarmed           |    22 |       |       |       ||    22
       Dagger            |     2 |    83 |       |       ||    85
       Trident           |       |     2 |       |       ||     2
       Kick              |       |     2 |    25 |    83 ||   110
       Staff             |       |     2 |    26 |   166 ||   194
       Whip              |       |     2 |    44 |       ||    46
       Halberd           |       |       |   117 |   187 ||   304
       Spear             |       |       |       |    13 ||    13
 Fire: Hunting sling     |       |       |       |     5 ||     5
 Cast: Magic Dart        |    78 |   146 |   169 |   244 ||   637
       Mephitic Cloud    |     1 |     7 |    26 |    74 ||   108
       Conjure Flame     |       |     1 |    21 |    35 ||    57
       Regeneration      |       |     1 |       |    20 ||    21
       Sublimation of Bl |       |       |     1 |    17 ||    18
       Bolt of Draining  |       |       |       |    46 ||    46
       Dispel Undead     |       |       |       |     3 ||     3
 Abil: Dig               |     5 |     7 |     8 |    17 ||    37
Evoke: Wand              |       |       |       |    16 ||    16
  Use: Scroll            |       |     7 |     2 |    11 ||    20
       Potion            |       |     2 |     1 |       ||     3
 Stab: Sleeping          |       |     2 |       |       ||     2
       Confused          |       |     1 |     5 |    22 ||    28
       Paralysed         |       |       |       |     6 ||     6
  Eat: Chunk             |     4 |    11 |    13 |    25 ||    53
       Ration            |       |       |       |     2 ||     2
Armor: Robe              |     5 |    18 |    33 |       ||    56
       Quicksilver drago |       |       |    11 |    28 ||    39
       Steam dragon scal |       |       |       |    28 ||    28
       Troll leather arm |       |       |       |    14 ||    14
Dodge: Dodged            |    30 |    52 |    91 |   302 ||   475
Block: Other             |       |     4 |    16 |       ||    20
       Buckler           |       |       |     8 |    81 ||    89
       Reflection        |       |       |     1 |     2 ||     3
